 Dungeon Crawl Stone Soup version 0.24-a0-333-g864f2b5d03 (webtiles) character file.

Game seed: 7902623602104765168

61 HAL9000 the Sneak (level 4, 0/23 HPs)
             Began as a Vine Stalker Assassin on May 17, 2019.
             Slain by an orc priest (3 damage)
             ... on level 2 of the Dungeon.
             The game lasted 00:03:15 (2492 turns).

HAL9000 the Sneak (Vine Stalker Assassin)           Turns: 2492, Time: 00:03:15

Health: 0/23       AC:  3    Str: 14    XL:     4   Next: 7%
Magic:  0/5        EV:  8    Int: 11    God:
Gold:   42         SH:  0    Dex: 16    Spells: 3/3 levels left

rFire    . . .     SeeInvis .   h - -2 dagger (curse)
rCold    . . .     Gourm    .   (no shield)
rNeg     . . .     Faith    .   b - +0 robe
rPois    .         Spirit   +   (no helmet)
rElec    .         Reflect  .   c - +0 cloak
rCorr    .         Harm     .   (no gloves)
MR       .....                  (no boots)
Stlth    +++.......             g - amulet of the acrobat
HPRegen  0.47/turn              j - -3 ring of evasion (curse)
MPRegen  0.09/turn              (no ring)

@: no status effects
A: fangs 2, regeneration 1, magic shield, antimagic bite, no potion heal 3, rot
immunity
a: no special abilities


You were on level 2 of the Dungeon.
You were not hungry.

You visited 1 branch of the dungeon, and saw 2 of its levels.

You collected 42 gold pieces.

Inventory:

Hand Weapons
 a - a +2 dagger
 h - a cursed -2 dagger (weapon)
Missiles
 d - a poisoned dart (quivered)
 e - 2 curare-tipped darts
Armour
 b - a +0 robe (worn)
 c - a +0 cloak (worn)
Jewellery
 g - an amulet of the acrobat (around neck)
 j - a cursed -3 ring of evasion (left hand)
Potions
 i - a potion of curing {unknown}
Comestibles
 f - 3 rations
 k - a chunk of flesh


   Skills:
 - Level 1.7 Fighting
 + Level 3.8 Short Blades
 - Level 1.7 Throwing
 - Level 0.7 Dodging
 - Level 4.8 Stealth


You had 3 spell levels left.
You didn't know any spells.
Your spell library was empty.

Dungeon Overview and Level Annotations

Branches:
Dungeon (2/15)

Altars:


Innate Abilities, Weirdness & Mutations

You have extremely sharp teeth.
Your natural rate of healing is unusually fast.
When hurt, damage is shared between your health and your magic reserves.
Your bite disrupts and absorbs the magic of your enemies.
Potions cannot restore your health.
You are immune to rotting.


Message History

* * * LOW HITPOINT WARNING * * *
You hit the orc priest but do no damage.
Your bite misses the orc priest.
The orc priest is severely wounded.
The orc priest barely misses you.
You closely miss the orc priest. You bite the orc priest. You drain its power.
You feel invigorated.
The orc priest is severely wounded.
The orc priest hits you but does no damage.
You hit the orc priest but do no damage.
The orc priest is severely wounded.
You hit the orc priest but do no damage.
You bite the orc priest, but do no damage.
The orc priest is severely wounded.
The orc priest hits you.
* * * LOW HITPOINT WARNING * * *
You closely miss the orc priest.
The orc priest is severely wounded.
The orc priest hits you.
You die...

#.###..# #.)##..######
#.(#......... #..#.........
#.........[.. #g#...)......
#.#..o.......
####################.##..(......
....†.....).....@o)..##....?....
#######################.........
#..>.$.... ##+#####.. ..


You could see an orc priest.

Vanquished Creatures
  An adder (D:2)
  A worm (D:2)
  2 dart slugs
  An orc (D:2)
  A ball python (D:1)
  6 bats (D:1)
  4 giant cockroaches
  6 goblins
  4 hobgoblins
  9 kobolds
  A frilled lizard (D:2)
  5 rats (D:1)
41 creatures vanquished.

Notes
Turn   | Place    | Note
-------+----------+-------------------------------------------
     0 | D:1      | HAL9000 the Vine Stalker Assassin began the quest for the
                  | Orb.
     0 | D:1      | Reached XP level 1. HP: 11/11 MP: 2/2
   342 | D:1      | Reached XP level 2. HP: 13/15 MP: 3/3
  1158 | D:1      | Reached XP level 3. HP: 18/18 MP: 4/4
  2397 | D:2      | Gained mutation: Your natural rate of healing is unusually
                  | fast. [Vine Stalker growth]
  2397 | D:2      | Reached XP level 4. HP: 23/23 MP: 5/5
  2492 | D:2      | Slain by an orc priest

Levels and vault maps discovered:
D:1:      mrwooster_arrival_arrow, layout_basic, minmay_misc_feat_alley,
          chequers_serial_rivers_room_b
D:2:      layout_basic, gammafunk_temple_overflow_elements

Skill      XL: |  1  2 |
---------------+-------+-----
Short Blades   | 2 3 |  3.8
Fighting       | |  1.7
Throwing       | |  1.7
Dodging        | |  0.7
Stealth        | |  4.8

Action                   |  1- 3 |  4- 6 || total
-------------------------+-------+-------++-------
Melee: Dagger            |   159 |    21 ||   180
       Bite              |    47 |     8 ||    55
Throw: Dart              |     3 |     9 ||    12
  Use: Scroll            |     1 |       ||     1
 Stab: Sleeping          |    10 |       ||    10
  Eat: Chunk             |     4 |     1 ||     5
Armor: Robe              |    23 |     4 ||    27
Dodge: Dodged            |    81 |     2 ||    83

Table legend:
 A = Non-vault XP
 B = Vault XP
 C = Vault XP percentage of total XP
 D = Non-vault monster count
 E = Vault monster count
 F = Vault count percentage of total count
                 A         B        C        D         E       F
            +---------+---------+-------+---------+---------+-------
      Total |      88 |       0 |   0.0 |      41 |       0 |   0.0
            +---------+---------+-------+---------+---------+-------
        D:1 |      55 |       0 |   0.0 |      32 |       0 |   0.0
        D:2 |      33 |       0 |   0.0 |       9 |       0 |   0.0
            +---------+---------+-------+---------+---------+-------
